 Dungeon Crawl Stone Soup version 0.31.0-11-ge490571c62 (webtiles) character file.

Game seed: 17601750495131055441

1550 qw the Skirmisher (level 8, -12/40 HPs)
             Began as a Spriggan Hunter on Feb 3, 2024.
             Mangled by an ogre
             ... wielding a +0 giant spiked club
              (30 damage)
             ... on level 6 of the Dungeon.
             The game lasted 00:01:07 (3749 turns).

qw the Skirmisher (Spriggan Hunter)                 Turns: 3749, Time: 00:01:08

Health: -12/40     AC:  6    Str:  7    XL:     8   Next: 57%
Magic:  9/9        EV: 27    Int: 10    God:
Gold:   241        SH:  0    Dex: 27    Spells: 7/7 levels left

rFire   . . .        f - +3 hand cannon (flame)
rCold   . . .        (no shield)
rNeg    . . .        c - +1 robe
rPois   .            (helmet restricted)
rElec   .            q - +2 cloak
rCorr   .            (gloves unavailable)
SInv    +            (boots unavailable)
Will    +....        (no amulet)
Stlth   +++          r - +6 ring of dexterity
HPRegen 0.26/turn    (no ring)
MPRegen 0.11/turn

%: no passive effects
@: hasted, very quick
A: very small, no large weapons, unfitting armour, see invisible, speed 3
a: no special abilities


You were on level 6 of the Dungeon.
You visited 1 branch of the dungeon, and saw 6 of its levels.
You also visited: Sewer.

You collected 1127 gold pieces.
You spent 886 gold pieces at shops.


Innate Abilities, Weirdness & Mutations

You are very small and have problems with some larger weapons.
You are too small for most types of armour.
You have supernaturally acute eyesight. (SInv)
You cover ground extremely quickly. (Speed+++)


   Skills:
 - Level 3.0 Fighting
 - Level 9.0 Ranged Weapons
 + Level 9.0 Dodging
 - Level 1.5 Stealth


You had 7 spell levels left.
You didn't know any spells.
Your spell library was empty.

Inventory:

Hand Weapons
 f - a +3 hand cannon of flaming (weapon)
Armour
 c - a +1 robe (worn)
 q - a +2 cloak (worn)
Jewellery
 r - a +6 ring of dexterity (left hand)
Wands
 g - a wand of light (12)
 o - a wand of roots (2)
Scrolls
 p - 2 scrolls of teleportation
Potions
 a - a potion of heal wounds
 b - a potion of resistance
 d - a potion of curing
 h - a potion of cancellation
 i - a potion of attraction {unknown}
 m - a potion of mutation {unknown}
 n - a potion of brilliance {unknown}

Dungeon Overview and Level Annotations

Branches:
Dungeon (6/15)              Sewer (visited)
 Temple: D:4-7

Altars:
Dithmenos
Hepliaklqana

Shops:
D:4 *   D:5 =


Message History

The gnoll sergeant shouts!
A gnoll comes into view. It is wielding a +0 club.
3741 ||| DRINKING potion of haste.
You feel yourself speed up.
An ogre comes into view. It is wielding a +0 giant spiked club.
The iguana misses you.
A gnoll comes into view. It is wielding a +0 whip.
You shoot a bolt. The bolt hits the gnoll.
The bolt burns the gnoll.
The gnoll is severely wounded.
The gnoll misses you. The iguana closely misses you.
You shoot a bolt. The bolt hits the gnoll!
The bolt burns the gnoll.
You kill the gnoll!
An iguana comes into view.
The iguana closely misses you.
You shoot a bolt. The bolt hits the scorpion!!
The bolt burns the scorpion.
You kill the scorpion!
You shoot a bolt. The bolt completely misses the iguana.
The gnoll sergeant completely misses you.
The iguana completely misses you. The iguana bites you!
The gnoll completely misses you.
You shoot a bolt. The bolt hits the iguana.
The bolt burns the iguana.
The iguana is heavily wounded.
The gnoll sergeant hits you from afar with a +0 spear!
The iguana misses you. The iguana bites you. The gnoll completely misses you.
You shoot a bolt. The bolt hits the iguana!!
The bolt burns the iguana.
You kill the iguana!
The iguana completely misses you. The gnoll sergeant misses you.
The gnoll misses you.
Your Dodging skill increases to level 9!
You shoot a bolt. The bolt hits the gnoll!
The bolt burns the gnoll.
You kill the gnoll!
The gnoll misses you. The iguana misses you.
The gnoll sergeant barely misses you. The gnoll closely misses you.
You shoot a bolt. The bolt barely misses the ogre.
The bolt hits the gnoll sergeant!
The bolt burns the gnoll sergeant.
The gnoll sergeant is severely wounded.
The gnoll misses you. The iguana completely misses you.
The gnoll sergeant misses you.
The ogre hits you with a +0 giant spiked club!!
Ouch! That really hurt!
You die...

##...>..#
#.......+ ...
#.......# ....
#.......##....
#............
##?...........
#...0g0gl.....
#...l@Og......
##..0)0g##...
########


You could see an ogre, a gnoll sergeant, 2 iguanas and 3 gnolls.

Vanquished Creatures
  Grinder (D:3)
  Menkaure (D:4)
  A water moccasin (D:5)
  A black bear (D:5)
  An ogre (D:3)
  A phantom (D:5)
  2 bullfrogs (Sewer)
  2 scorpions
  2 bombardier beetles (D:5)
  2 orc priests (D:4)
  5 hounds (D:5)
  3 iguanas
  2 gnolls (D:6)
  8 adders
  4 ufetubi (D:5)
  2 ribbon worms
  13 dart slugs
  5 orcs
  13 ball pythons
  3 bats
  18 endoplasms
  14 giant cockroaches
  5 goblins
  12 hobgoblins
  2 jackals (D:2)
  2 kobolds
  11 quokkas
  11 frilled lizards
  6 rats
153 creatures vanquished.

Notes
Turn   | Place    | Note
-------+----------+-------------------------------------------
     0 | D:1      | qw the Spriggan Hunter began the quest for the Orb.
     0 | D:1      | Reached XP level 1. HP: 10/10 MP: 2/2
     0 | D:1      | 0 ||| qw: Version: 0.3-a-155-g5e7d8dd
     0 | D:1      | 0 ||| qw: Game counter: 3332
     0 | D:1      | 0 ||| qw: Melee chars always use a shield: true
     0 | D:1      | 0 ||| qw: God list: Okawaru
     0 | D:1      | 0 ||| qw: Allow faded altars: false
     0 | D:1      | 0 ||| qw: Do Orc after clearing Dungeon:15 true
     0 | D:1      | 0 ||| qw: Do second Lair branch before Depths: true
     0 | D:1      | 0 ||| qw: Lair rune preference: random
     0 | D:1      | 0 ||| qw: Goals: Normal
     0 | D:1      | 0 ||| PLANNING D:1-11
    17 | D:1      | Reached skill level 3 in Dodging
    54 | D:1      | Reached XP level 2. HP: 14/14 MP: 3/3
    87 | D:1      | Found a faded altar of an unknown god.
   236 | D:1      | Reached XP level 3. HP: 18/18 MP: 4/4
   502 | D:1      | 502 ||| READING scroll labelled JIOSAN LORR.
   502 | D:1      | 502 ||| IDENTIFYING clear potion
   503 | D:1      | 503 ||| READING scroll labelled PIELLODAATT.
   507 | D:1      | 507 ||| READING scroll labelled USEDOU XELALUE.
   507 | D:1      | Identified a scroll of acquirement
   507 | D:1      | 507 ||| ACQUIRING +3 hand cannon of flaming
   507 | D:1      | Acquired a +3 hand cannon of flaming
   509 | D:1      | 509 ||| SWAPPING to +3 hand cannon of flaming.
   510 | D:1      | 510 ||| DROPPING +0 shortbow.
   511 | D:1      | 511 ||| READING 3 scrolls labelled TYL ZOORIOFELE.
   511 | D:1      | 511 ||| ENCHANTING +0 robe.
   512 | D:1      | 512 ||| DROPPING scroll of butterflies.
   513 | D:1      | 513 ||| DROPPING potion of degeneration.
   785 | D:2      | Identified the +5 sling "Newtbane" {drain, ^Drain rPois
                  | rF++ Str+4}
   850 | D:2      | Identified the staff of Mefrauc {rPois Will++ Int+4
                  | Alchemy}
  1085 | D:2      | 1085 ||| READING scroll of identify.
  1085 | D:2      | 1085 ||| IDENTIFYING puce potion
  1086 | D:2      | 1086 ||| READING scroll labelled VIMOTIMEER.
  1222 | D:3      | Reached XP level 4. HP: 22/22 MP: 5/5
  1222 | D:3      | Noticed Grinder
  1223 | D:3      | 1223 ||| DRINKING potion of haste.
  1228 | D:3      | Killed Grinder
  1229 | D:3      | Reached XP level 5. HP: 25/25 MP: 6/6
  1345 | D:3      | Reached XP level 6. HP: 30/30 MP: 7/7
  1368 | D:3      | Found a faded altar of an unknown god.
  1386 | D:3      | 1386 ||| READING scroll of acquirement.
  1386 | D:3      | 1386 ||| ACQUIRING 923 gold pieces
  1386 | D:3      | Acquired 923 gold pieces
  1602 | D:3      | Found a hazy altar of Hepliaklqana.
  1749 | D:3      | 1749 ||| READING 2 scrolls of identify.
  1749 | D:3      | 1749 ||| IDENTIFYING fizzy yellow potion
  1750 | D:3      | 1750 ||| READING scroll of identify.
  1750 | D:3      | 1750 ||| IDENTIFYING bubbling puce potion
  1751 | D:3      | 1751 ||| READING scroll labelled ROFOUTHR CIDGH.
  1788 | D:4      | 1788 ||| PLANNING SEWER
  1789 | D:4      | 1789 ||| STAIRDANCE
  1839 | D:4      | 1839 ||| STAIRDANCE
  1921 | D:4      | Noticed Menkaure
  1923 | D:4      | 1923 ||| FLEEEEING.
  1925 | D:4      | Killed Menkaure
  1926 | D:4      | Reached skill level 6 in Ranged Weapons
  1926 | D:4      | Reached XP level 7. HP: 19/35 MP: 8/8
  2068 | D:4      | Found Duraw's Assorted Antiques.
  2089 | D:4      | 2089 ||| BUYING 2 scrolls of identify (80 gold).
  2089 | D:4      | Bought 2 scrolls of identify for 80 gold pieces
  2089 | D:4      | 2089 ||| BUYING fizzy orange potion (18 gold).
  2089 | D:4      | Bought a fizzy orange potion for 18 gold pieces
  2089 | D:4      | 2089 ||| BUYING potion of haste (200 gold).
  2089 | D:4      | Bought a potion of haste for 200 gold pieces
  2089 | D:4      | 2089 ||| BUYING scroll labelled KOCUAR OVOEFF (20 gold).
  2089 | D:4      | Bought a scroll labelled KOCUAR OVOEFF for 20 gold pieces
  2089 | D:4      | 2089 ||| BUYING scroll labelled QIJ CIDOTESOCH (20 gold).
  2089 | D:4      | Bought a scroll labelled QIJ CIDOTESOCH for 20 gold pieces
  2089 | D:4      | 2089 ||| BUYING worn copper wand (80 gold).
  2089 | D:4      | Bought a worn copper wand for 80 gold pieces
  2300 | D:4      | Found a glowing drain.
  2302 | D:4      | 2302 ||| READING 3 scrolls of identify.
  2302 | D:4      | 2302 ||| IDENTIFYING coppery potion
  2303 | D:4      | 2303 ||| READING 2 scrolls of identify.
  2303 | D:4      | 2303 ||| IDENTIFYING metallic dark potion
  2304 | D:4      | 2304 ||| READING scroll of identify.
  2304 | D:4      | 2304 ||| IDENTIFYING 2 fizzy orange potions
  2305 | D:4      | 2305 ||| READING scroll labelled ZIMUFR WIJUCAPS.
  2309 | D:4      | 2309 ||| FLEEEEING.
  2314 | D:4      | 2314 ||| FLEEEEING.
  2341 | D:4      | 2341 ||| FLEEEEING.
  2342 | D:4      | 2342 ||| FLEEEEING.
  2368 | D:4      | 2368 ||| READING scroll labelled KOCUAR OVOEFF.
  2369 | D:4      | 2369 ||| READING scroll labelled QIJ CIDOTESOCH.
  2370 | D:4      | 2370 ||| READING scroll labelled HYIFOITHYMYE.
  2371 | D:4      | 2371 ||| DROPPING potion of berserk rage.
  2372 | D:4      | 2372 ||| DROPPING 2 potions of lignification.
  2388 | Sewer    | Entered a sewer
  2744 | Sewer    | 2744 ||| READING scroll labelled WUGOUH MORO.
  2745 | Sewer    | 2745 ||| Stepping randomly (stuck).
  2746 | Sewer    | 2746 ||| Stepping ~*~*~tactically~*~*~ (cloud).
  2842 | D:4      | 2842 ||| PLANNING D:1-11
  2933 | D:3      | Found a shadowy altar of Dithmenos.
  3059 | D:5      | Entered Level 5 of the Dungeon
  3075 | D:5      | 3075 ||| RETREEEEATING.
  3081 | D:5      | Reached XP level 8. HP: 39/39 MP: 9/9
  3167 | D:5      | Reached skill level 3 in Fighting
  3623 | D:5      | Reached skill level 9 in Ranged Weapons
  3685 | D:5      | Found Weesk's Jewellery Shop.
  3688 | D:5      | 3688 ||| BUYING +6 ring of dexterity (468 gold).
  3688 | D:5      | Bought a +6 ring of dexterity for 468 gold pieces
  3688 | D:5      | 3688 ||| SHOPLISTING +6 ring of strength (468 gold, have
                  | 241).
  3688 | D:5      | 3688 ||| SHOPLISTING amulet of faith (520 gold, have 241).
  3688 | D:5      | 3688 ||| SHOPLISTING ring of fire (325 gold, have 241).
  3688 | D:5      | 3688 ||| SHOPLISTING ring of protection from fire (325
                  | gold, have 241).
  3688 | D:5      | 3688 ||| SHOPLISTING ring of resist corrosion (260 gold,
                  | have 241).
  3702 | D:5      | 3702 ||| UPGRADING to +0 cloak.
  3707 | D:5      | 3707 ||| READING 2 scrolls of enchant armour.
  3707 | D:5      | 3707 ||| ENCHANTING +0 cloak.
  3708 | D:5      | 3708 ||| READING scroll of enchant armour.
  3708 | D:5      | 3708 ||| ENCHANTING +1 cloak.
  3709 | D:5      | 3709 ||| UPGRADING to +6 ring of dexterity.
  3710 | D:5      | 3710 ||| READING scroll of identify.
  3710 | D:5      | 3710 ||| IDENTIFYING smoky dark potion
  3711 | D:5      | 3711 ||| READING scroll labelled UCO JYTHRINET.
  3740 | D:6      | 3740 ||| RETREEEEATING.
  3741 | D:6      | 3741 ||| DRINKING potion of haste.
  3748 | D:6      | Reached skill level 9 in Dodging
  3749 | D:6      | Mangled by an ogre

Levels and vault maps discovered:
D:1:      spicycebolla_green_bress_n_ham, layout_basic,
          ebering_ecumenical_altar_hall
D:2:      layout_basic
D:3:      layout_basic, lemuel_coloured_pillars_altar,
          nicolae_overflow_ecumenical_swirl, kennysheep_generic_room_12,
          uniq_grinder
D:4:      layout_basic, gup_sewer_entry_pipe, serial_shops,
          nicolae_shop_crystal, uniq_menkaure
D:5:      layout_loops_ring, serial_shops, nicolae_shop_real_fake_doors
D:6:      layout_gridville, nicolae_overflow_crystal_walls, serial_shops, shop,
          uniq_pikel

Skill      XL: |  1  2  3  4  5  6  7  8 |
---------------+-------------------------+-----
Dodging        | 3 4 7 9 |  9.0
Ranged Weapons | 5 6 8 9 |  9.0
Fighting       | 2 3 |  3.0
Stealth        | |  1.5

Action                     |  1- 3 |  4- 6 |  7- 9 || total
---------------------------+-------+-------+-------++-------
   Fire: Shortbow          |    69 |       |       ||    69
         Hand cannon       |    34 |    34 |   156 ||   224
    Use: Scroll            |     6 |     4 |    12 ||    22
         Potion            |       |     1 |     1 ||     2
 Armour: Robe              |     4 |     9 |    29 ||    42
  Dodge: Dodged            |    25 |    38 |    90 ||   153

Table legend:
 A = Non-vault XP
 B = Vault XP
 C = Vault XP percentage of total XP
 D = Non-vault monster count
 E = Vault monster count
 F = Vault count percentage of total count
                 A         B        C        D         E       F
            +---------+---------+-------+---------+---------+-------
      Total |    1425 |     790 |  35.7 |      93 |      60 |  39.2
            +---------+---------+-------+---------+---------+-------
        D:1 |      52 |       0 |   0.0 |      24 |       0 |   0.0
        D:2 |      32 |       0 |   0.0 |      19 |       0 |   0.0
        D:3 |     216 |     268 |  55.4 |      15 |       2 |  11.8
        D:4 |     134 |     195 |  59.3 |      14 |      11 |  44.0
        D:5 |     843 |       0 |   0.0 |      16 |       0 |   0.0
        D:6 |     148 |       0 |   0.0 |       5 |       0 |   0.0
      Sewer |       0 |     327 | 100.0 |       0 |      47 | 100.0
            +---------+---------+-------+---------+---------+-------
